 Dungeon Crawl Stone Soup version 0.26-b1-32-g5d43845318 (webtiles) character file.

Game seed: 9302415039145998887

5586 Anothat the Fighter (level 10, -3/94 HPs)
             Began as a Gargoyle Fighter on Jan 12, 2021.
             Was a Believer of Hepliaklqana.
             Slain by a boulder beetle (12 damage)
             ... on level 11 of the Dungeon.
             The game lasted 00:24:21 (8716 turns).

Anothat the Fighter (Gargoyle Fighter)              Turns: 8716, Time: 00:24:22

Health: -3/94      AC: 25    Str: 23    XL:     10   Next: 72%
Magic:  10/10      EV:  2    Int:  9    God:    Hepliaklqana [**....]
Gold:   366        SH:  5    Dex:  9    Spells: 9/9 levels left

rFire    . . .     SeeInvis .   a - +1 flail
rCold    . . .     Faith    .   (no shield)
rNeg     + + +     Spirit   .   (armour currently unavailable)
rPois    ∞         Reflect  +   (helmet currently unavailable)
rElec    .         Harm     .   (cloak currently unavailable)
rCorr    .         Rampage  .   (gloves currently unavailable)
Will     .....     NoTele   +   (boots currently unavailable)
Stlth    +.........             B - amulet of reflection
HPRegen  0.25/turn              (no ring)
MPRegen  0.12/turn              (no ring)

@: tree-form, berserk cooldown, very slightly contaminated, slowed, invisible,
very slow
A: reduced essence, negative energy resistance 1, petrification resistance,
miasma immunity, AC +7
a: Renounce Religion, Recall Ancestor, Ancestor Identity


You were on level 11 of the Dungeon.
You worshipped Hepliaklqana.
Hepliaklqana was pleased with you.
You were a tree.
You visited 2 branches of the dungeon, and saw 12 of its levels.

You collected 546 gold pieces.
You spent 180 gold pieces at shops.

Inventory:

Hand Weapons
 a - a +1 flail (weapon)
Armour
 b - a +0 scale mail
 c - a +0 kite shield
 d - a +2 helmet (melded)
 h - a +0 plate armour (melded)
 l - a +0 cloak
 y - a +0 pair of gloves (melded)
 E - a +1 cloak of poison resistance (melded)
Jewellery
 s - an uncursed ring of magical power
 B - an amulet of reflection (around neck)
Wands
 f - a wand of digging (4)
 r - a wand of random effects (24)
 x - a wand of enslavement (10)
 A - a wand of flame (6)
Scrolls
 i - a scroll of magic mapping
 n - 5 scrolls of remove curse
 w - a scroll of enchant weapon
Potions
 e - a potion of brilliance
 m - a potion of flight
 p - a potion of mutation
 q - a potion of degeneration


   Skills:
 * Level 12.0 Fighting
 + Level 9.1 Maces & Flails
 + Level 8.6 Armour
 - Level 3.2 Shields


You had 9 spell levels left.
You didn't know any spells.
Your spell library contained the following spells:

 Spells                   Type           Power        Failure   Level
 Magic Dart               Conj           0%           38%         1
 Searing Ray              Conj           0%           52%         2
 Dazzling Flash           Conj/Hex       0%           77%         3
 Fulminant Prism          Conj/Hex       0%           99%         4
 Iskenderun's Mystic Bla  Conj/Tloc      0%           99%         4


Dungeon Overview and Level Annotations

Branches:
Dungeon (12/15)            Temple (1/1) D:4             Orc (0/2) D:9
   Lair: D:8-11

Altars:
Cheibriados
Dithmenos
Elyvilon
Fedhas
Gozag
Hepliaklqana
Kikubaaqudgha
Makhleb
Nemelex Xobeh
Okawaru
Qazlal
Ru
Sif Muna
Trog
Uskayaw
Vehumet
Wu Jian
Xom
Yredelemnul
Zin
The Shining One
Jiyva

Shops:
D:4 *   D:6 =*[:   D:9 (   D:12 (

Annotations:
D:4 3 runed translucent doors, Azzok's ghost, amateur DsBe
D:5 2 transporters
D:8 3 runed translucent doors, emiel's ghost, novice NaFi


Innate Abilities, Weirdness & Mutations

You are resistant to torment.
((Your stone body is resilient. (AC +7)))
You are immune to poison.
You resist negative energy. (rN+)
((You are resistant to electric shocks. (rElec)))
((You can survive without breathing.))
You are immune to petrification.
You are immune to miasma.
Your life essence is reduced to manifest your ancestor. (-10% HP)


Message History

The boulder beetle bites you.
* * * LOW HITPOINT WARNING * * *
The wraith hits you but does no damage.
You sock the wraith!
You destroy the wraith!
The yak barely misses you. The boulder beetle bites you!
* * * LOW HITPOINT WARNING * * *
The yak gores you but does no damage.
Your Fighting skill increases to level 12!
Okay, then.
It was a potion of invisibility.
You fade into invisibility!
The boulder beetle bites you.
* * * LOW HITPOINT WARNING * * *
You block the yak's attack.
The boulder beetle bites you but does no damage.
You are very lightly contaminated with residual magic.
There are monsters nearby!
The yak gores you but does no damage. The boulder beetle bites you!
You die...

#.###YYo#
#...>o#B#####.#
#....BZo......#
##.####.#######
#.####o####
#......°.Y#
.......)##.#
##########(#
#.....♣Yooo#
#.####B#####
#.# #.# #.# #.#
#.# ..#


You could see a boulder beetle, a yak, an orc warrior and 2 orcs.

Vanquished Creatures
  Harold (D:8)
  Maurice (D:8)
  A hornet (D:11)
  A wraith (D:11)
  A yak (D:11)
  Duvessa (D:4)
  An ice beast (D:8)
  3 orc warriors
  A sky beast (D:8)
  An eye of draining (D:7)
  3 ogres (D:6)
  A phantom (D:8)
  2 centaurs
  3 big kobolds
  A gnoll sergeant (D:7)
  Dowan (D:4)
  A wyvern skeleton (D:9)
  4 killer bees
  3 wights (D:6)
  A howler monkey (D:12)
  5 jellies
  A centaur zombie (D:7)
  An orc wizard (D:4)
  3 orc priests
  A centaur skeleton (D:8)
  A hound (D:4)
  A gnoll shaman (D:4)
  Terence (D:2)
  Natasha (thrice) (D:2)
  A bullfrog skeleton (D:5)
  2 iguanas
  6 worker ants
  Robin (D:2)
  13 gnolls
  A worker ant zombie (D:5)
  11 adders
  A howler monkey skeleton (D:4)
  2 shadow imps
  4 white imps
  An ufetubus (D:6)
  4 oozes
  An adder zombie (D:6)
  3 worms
  A dart slug (D:3)
  7 leopard geckos
  19 orcs
  6 giant cockroaches
  12 goblins
  11 hobgoblins
  3 jackals (D:5)
  5 quokkas
  2 ball pythons
  5 bats
  6 frilled lizards
  16 kobolds
  A leopard gecko skeleton (D:4)
  A quokka skeleton (D:4)
  4 rats
199 creatures vanquished.

Vanquished Creatures (collateral kills)
  A two-headed ogre (D:8)
  A sky beast (D:8)
  A phantom (D:5)
  A bullfrog (D:6)
  A wight (D:6)
  2 orc wizards
  A hound zombie (D:7)
  3 gnolls (D:5)
  An adder (D:8)
  An adder zombie (D:8)
  2 leopard geckos (D:6)
  6 orcs
  A jackal (D:5)
  A quokka (D:5)
  5 kobolds
28 creatures vanquished.

Vanquished Creatures (others)
  An orc wizard (D:12)
  An ancestor (D:7)
  2 hexers (D:8)
  2 fungi (D:4)
  2 plants (D:4)
8 creatures vanquished.

Grand Total: 235 creatures vanquished

Notes
Turn   | Place    | Note
-------+----------+-------------------------------------------
     0 | D:1      | Anothat the Gargoyle Fighter began the quest for the Orb.
     0 | D:1      | Reached XP level 1. HP: 14/14 MP: 1/1
    99 | D:1      | Reached XP level 2. HP: 18/19 MP: 2/2
   771 | D:1      | Reached XP level 3. HP: 24/24 MP: 3/3
   850 | D:2      | Noticed Natasha
   858 | D:2      | Killed Natasha
   859 | D:2      | Reached skill level 4 in Fighting
   911 | D:2      | Noticed Terence
   923 | D:2      | Killed Terence
   924 | D:2      | Reached XP level 4. HP: 28/29 MP: 4/4
  1233 | D:2      | Reached XP level 5. HP: 34/34 MP: 5/5
  1582 | D:2      | Noticed Robin
  1591 | D:2      | Killed Robin
  1617 | D:2      | Noticed Natasha
  1679 | D:2      | Killed Natasha
  1948 | D:2      | Noticed Natasha
  1959 | D:2      | Killed Natasha
  1960 | D:2      | Reached skill level 5 in Maces & Flails
  2225 | D:3      | Reached XP level 6. HP: 40/40 MP: 6/6
  2441 | D:3      | Reached skill level 5 in Fighting
  2843 | D:4      | Noticed Duvessa
  2843 | D:4      | Noticed Dowan
  2865 | D:4      | Killed Duvessa
  2875 | D:4      | Killed Dowan
  2876 | D:4      | Reached XP level 7. HP: 27/45 MP: 7/7
  2996 | D:4      | Found Soruurri's Assorted Antiques.
  3176 | D:4      | Found a runed translucent gate.
  3176 | D:4      | Found a runed translucent gate.
  3177 | D:4      | Found a runed translucent gate.
  3178 | D:4      | Identified the cursed +0 dagger "Qeic" {drain, Str+4}
  3179 | D:4      | Noticed Azzok's ghost (amateur DsBe)
  3244 | D:4      | Reached skill level 6 in Fighting
  3424 | D:4      | Found a stormy altar of Qazlal.
  3845 | D:4      | Found a shimmering blue altar of Sif Muna.
  3910 | D:4      | Found a staircase to the Ecumenical Temple.
  3951 | D:4      | Found a shimmering altar of Xom.
  3951 | D:4      | Found a shimmering altar of Xom.
  3951 | D:4      | Found a shimmering altar of Xom.
  3952 | D:4      | Found a shimmering altar of Xom.
  3952 | D:4      | Found a shimmering altar of Xom.
  3953 | D:4      | Found a shimmering altar of Xom.
  3954 | D:4      | Found a shimmering altar of Xom.
  3954 | D:4      | Found a shimmering altar of Xom.
  3981 | Temple   | Entered the Ecumenical Temple
  4541 | Temple   | Became a worshipper of Hepliaklqana the Forgotten
  4765 | D:5      | Entered Level 5 of the Dungeon
  4927 | D:5      | Found a transporter.
  5003 | D:5      | Found a sacrificial altar of Ru.
  5026 | D:5      | Reached XP level 8. HP: 35/46 MP: 8/8
  5029 | D:5      | Reached skill level 7 in Fighting
  5336 | D:5      | Reached skill level 5 in Armour
  5362 | D:5      | Found a transporter.
  5752 | D:6      | Reached skill level 8 in Fighting
  5786 | D:6      | Reached * piety under Hepliaklqana
  5787 | D:6      | Found Jacaliho's Jewellery Emporium.
  5893 | D:6      | Found Giminec's Armour Shop.
  6086 | D:6      | Found Neepaes's Book Boutique.
  6094 | D:6      | Reached XP level 9. HP: 40/54 MP: 9/9
  6446 | D:6      | Reached skill level 9 in Fighting
  6511 | D:6      | Found Bullyp's Assorted Antiques.
  6519 | D:6      | Bought a potion of heal wounds for 90 gold pieces
  6519 | D:6      | Bought a potion of heal wounds for 90 gold pieces
  7158 | D:7      | Reached ** piety under Hepliaklqana
  7159 | D:7      | Remembered your ancestor Sunngifu as a hexer
  7274 | D:7      | Found an iron altar of Okawaru.
  7474 | D:8      | Found a runed translucent gate.
  7475 | D:8      | Found a runed translucent gate.
  7476 | D:8      | Found a runed translucent gate.
  7551 | D:8      | Reached skill level 10 in Fighting
  7623 | D:8      | Noticed a two-headed ogre
  7646 | D:8      | Killed a two-headed ogre
  7647 | D:8      | Reached XP level 10. HP: 5/61 MP: 10/10
  8000 | D:8      | Noticed Maurice
  8024 | D:8      | Killed Maurice
  8025 | D:8      | Reached skill level 11 in Fighting
  8182 | D:8      | Noticed Harold
  8210 | D:8      | Killed Harold
  8258 | D:8      | Found a basalt altar of Yredelemnul.
  8307 | D:8      | Noticed emiel's ghost (novice NaFi)
  8430 | D:8      | Found a viscous altar of Jiyva.
  8444 | D:9      | Found Mian's Weapon Emporium.
  8445 | D:9      | Found a staircase to the Orcish Mines.
  8538 | D:9      | You fall into a shaft and drop 3 floors!
  8538 | D:12     | Noticed a cyclops
  8555 | D:12     | Found Tilyvyca's Antique Weapon Shoppe.
  8585 | D:12     | Noticed a two-headed ogre
  8591 | D:12     | Noticed a two-headed ogre
  8652 | D:11     | Noticed a boulder beetle
  8715 | D:11     | Reached skill level 12 in Fighting
  8716 | D:11     | Slain by a boulder beetle

Illustrated notes

Levels and vault maps discovered:
D:1:      dpeg_arrival_connections, layout_basic, kennysheep_doodads
D:2:      layout_loops_cross, minmay_misc_feat_x, amethyst_killhole, uniq_robin,
          uniq_natasha, uniq_terence
D:3:      layout_basic
D:4:      layout_basic, xom_redecorated, lemuel_round_altar,
          lemuel_crystal_altar, minmay_temple_entry_arrows, serial_shops, shop,
          gammafunk_ghost_nasty_kobolds, uniq_duvessa
D:5:      gammafunk_steamed_eel, layout_loops_ring, hangedman_ru_absence
D:6:      layout_basic, serial_shops, shop, shop, nicolae_shop_stone,
          shop_fountains
D:7:      layout_rooms, marbit_many_paths
D:8:      layout_rooms, lemuel_doored_altar, gammafunk_ghost_ooze, uniq_harold,
          uniq_maurice
D:9:      layout_cross, cheibrodos_ashenzari_chains, orc_david_3, serial_shops,
          nicolae_shop_statue_plus, nicolae_shop_waterfront,
          kennysheep_little_box, minmay_misc_feat_nine_boxes
D:11:     layout_loops_ring, erik_lair_orcish_takeover, uniq_snorg, uniq_fannar,
          uniq_erica, uniq_erolcha
D:12:     layout_roguey, minmay_shop_grid_forest, uniq_gastronok
Temple:   nicolae_temple_elliptical

Skill      XL: |  1  2  3  4  5  6  7  8  9 10 |
---------------+-------------------------------+-----
Maces & Flails | 3 4 5 6 7 8 9 |  9.1
Fighting       | 4 5 6 8 10 12 | 12.0
Armour         | 4 6 7 8 |  8.6
Shields        | |  3.2

Action                   |  1- 3 |  4- 6 |  7- 9 | 10-12 || total
-------------------------+-------+-------+-------+-------++-------
Melee: Flail             |    63 |   261 |   478 |   191 ||   993
Invok: Ancestor Life: He |       |       |     1 |       ||     1
       Ancestor Identity |       |       |     1 |       ||     1
Evoke: Wand              |       |       |     4 |     4 ||     8
  Use: Potion            |     1 |       |     2 |    11 ||    14
       Scroll            |       |       |       |    16 ||    16
 Stab: Distracted        |       |       |       |     2 ||     2
       Confused          |       |       |       |     1 ||     1
Armor: Scale mail        |    44 |   194 |    82 |       ||   320
       Plate armour      |       |       |   375 |   208 ||   583
       Skin              |       |       |       |    33 ||    33
Dodge: Dodged            |    39 |   177 |   220 |    91 ||   527
Block: Other             |       |       |       |    58 ||    58
